 Dungeon Crawl Stone Soup version 0.28.0-45-g0d030f2227 (webtiles) character file.

Game seed: 6850400881250859652

219 Icepheonix32 the Covered (level 5, -19/41 HPs)
             Began as a Demonspawn Fighter on Apr 16, 2022.
             Demolished by an ogre
             ... wielding a +0 giant spiked club
              (27 damage)
             ... on level 4 of the Dungeon.
             The game lasted 00:04:04 (4072 turns).

Icepheonix32 the Covered (Demonspawn Fighter)       Turns: 4072, Time: 00:04:05

Health: -19/41     AC:  6    Str: 25    XL:     5   Next: 63%
Magic:  8/8        EV: 10    Int: 11    God:
Gold:   72         SH:  4    Dex: 12    Spells: 8/8 levels left

rFire   . . .      SeeInvis .   h - +3 whip
rCold   . . .      Faith    .   c - +0 buckler
rNeg    . . .      Spirit   .   b - +0 scale mail
rPois   .          Reflect  .   (no helmet)
rElec   .          Harm     .   (no cloak)
rCorr   .          Rampage  .   (no gloves)
Will    .....                   (no boots)
Stlth   ..........              (no amulet)
HPRegen 0.13/turn               i - +6 ring of strength
MPRegen 0.11/turn               (no ring)

@: no status effects
A: hooves 1, big brain 1, demonic magic 1
a: no special abilities


You were on level 4 of the Dungeon.
You visited 1 branch of the dungeon, and saw 4 of its levels.

You collected 132 gold pieces.
You spent 60 gold pieces at shops.

Inventory:

Hand Weapons
 a - a +0 war axe
 g - a +0 rapier
 h - a +3 whip (weapon)
 m - a +2 dagger of venom
 r - a +0 hunting sling of freezing
 t - a +2 dagger of venom
Armour
 b - a +0 scale mail (worn)
 c - a +0 buckler (worn)
Jewellery
 i - a +6 ring of strength (left hand)
 n - a ring of wizardry
Wands
 o - a wand of paralysis (4)
 s - a wand of digging (6)
 u - a wand of acid (9)
Scrolls
 e - a scroll of enchant weapon {unknown}
 f - a scroll of enchant armour {unknown}
 k - a scroll of noise {unknown}
 l - a scroll of teleportation {unknown}
 p - a scroll of amnesia
 q - a scroll of identify {unknown}
 v - 2 scrolls of magic mapping {unknown}
Potions
 d - a potion of might
 j - a potion of attraction {unknown}


   Skills:
 + Level 3.4 Fighting
 - Level 2.0(2.3) Axes
 + Level 1.6(2.1) Maces & Flails
 + Level 3.5 Armour
 + Level 1.3 Dodging
 + Level 0.4 Stealth
 + Level 3.2 Shields
 * Level 2.2 Spellcasting


You had 8 spell levels left.
You didn't know any spells.
Your spell library contained the following spells:

 Spells                   Type           Power      Damage    Failure   Level
 Animate Skeleton         Necr           2%         N/A       65%         1
 Pain                     Necr           4%         1d4       65%         1
 Sublimation of Blood     Necr           1%         N/A       80%         2
 Vampiric Draining        Necr           1%         2d6       95%         3
 Olgreb's Toxic Radiance  Pois           1%         N/A       100%        4
 Petrify                  Tmut/Erth      1%         N/A       100%        4
 Irradiate                Conj/Tmut      0%         3d14      100%        5
 Ozocubu's Refrigeration  Ice            0%         4d5       100%        7
 Ignition                 Fire           0%         3d3       100%        8


Dungeon Overview and Level Annotations

Branches:
Dungeon (4/15)
 Temple: D:4-7

Altars:

Shops:
D:3 (*=[*


Innate Abilities, Weirdness & Mutations

You have large cloven feet.
You have an unusually large brain. (Int +2)
Spells you cast may paralyse adjacent enemies.


Message History

No target in view!
No target in view!
No target in view!
No target in view!
No target in view!
No target in view!
No target in view!
No target in view!
No target in view!
No target in view!
e - a scroll labelled BEW TOSOTE
Things that are here:
a +0 dagger; a goblin corpse
k - a scroll labelled LAQURH CATA You open the door.
There is an open door here.
Found the Unrestrained Analects.
An ogre comes into view. It is wielding a +0 giant spiked club.
The ogre shouts!
You feel stronger.
i - a +6 ring of strength (left hand)
You hit the ogre but do no damage. You block the ogre's attack.
You whack the ogre! You kick the ogre.
The ogre is moderately wounded.
The ogre hits you with a +0 giant spiked club!
You hit the ogre. You kick the ogre, but do no damage.
The ogre is moderately wounded.
The ogre misses you.
You hit the ogre. You kick the ogre, but do no damage.
The ogre is moderately wounded.
The ogre hits you with a +0 giant spiked club!!
Ouch! That really hurt!
* * * LOW HITPOINT WARNING * * *
You hit the ogre.
The ogre is heavily wounded.
You hit the ogre. You kick the ogre.
The ogre is severely wounded.
The ogre hits you with a +0 giant spiked club!!
Ouch! That really hurt!
You die...

..#......................#
#.
..#....................).#
#.
..#......................+
#.
..#......................#
##
####.###..########'##....#
# ####'###..##
##...##....# #
............ #....#.......
# ............
#....#....... ............
#.@..#....... #..####..###
##O### #### ..# #.# .# ...
.# .:. ....# #...# ###.#


You could see an ogre.

Vanquished Creatures
  A scorpion (D:4)
  Jessica (D:3)
  Terence (D:2)
  A killer bee zombie (D:4)
  2 adders
  An ufetubus (D:4)
  2 dart slugs
  2 orcs (D:3)
  4 ball pythons
  4 bats (D:3)
  7 endoplasms
  2 giant cockroaches
  5 goblins
  5 hobgoblins
  4 jackals (D:3)
  A quokka (D:1)
  2 frilled lizards
  7 kobolds
  4 rats
56 creatures vanquished.

Notes
Turn   | Place    | Note
-------+----------+-------------------------------------------
     0 | D:1      | Icepheonix32 the Demonspawn Fighter began the quest for the
                  | Orb.
     0 | D:1      | Reached XP level 1. HP: 18/18 MP: 1/1
   492 | D:1      | Gained mutation: You have large cloven feet. [demonic
                  | ancestry]
   492 | D:1      | Reached XP level 2. HP: 24/24 MP: 2/2
  1158 | D:2      | Noticed Terence
  1165 | D:2      | Killed Terence
  1166 | D:2      | Gained mutation: Spells you cast may paralyse adjacent
                  | enemies. [demonic ancestry]
  1166 | D:2      | Reached XP level 3. HP: 28/29 MP: 3/3
  2070 | D:3      | Found Ohetoinn's General Store.
  2090 | D:3      | Bought a potion of heal wounds for 60 gold pieces
  2106 | D:3      | Found Cacsunte's Weapon Shoppe.
  2128 | D:3      | Reached skill level 1 in Maces & Flails
  2301 | D:3      | Reached XP level 4. HP: 16/35 MP: 4/4
  2518 | D:3      | Found Isat's General Store.
  2535 | D:3      | Found Famyn's Antique Armour Shop.
  2577 | D:3      | Found Ocixott's Jewellery Shoppe.
  2774 | D:3      | Noticed Jessica
  2785 | D:3      | Killed Jessica
  2786 | D:3      | Reached skill level 1 in Spellcasting
  3297 | D:4      | Reached skill level 1 in Dodging
  3297 | D:4      | Gained mutation: You have an unusually large brain. (Int
                  | +2) [demonic ancestry]
  3297 | D:4      | Reached XP level 5. HP: 7/41 MP: 7/7
  3677 | D:4      | HP: 2/41 [poisoned by a scorpion]
  4062 | D:4      | Noticed an ogre
  4072 | D:4      | Demolished by an ogre

Illustrated notes

Levels and vault maps discovered:
D:1:      minmay_arrival_loop, layout_basic
D:2:      layout_basic, uniq_terence
D:3:      layout_loops_ring, serial_shops, nicolae_shop_advertising_works
          [nicolae_subvault_shop_adworks], shop, shop, shop, shop_fountains,
          grunt_ministairs_1, uniq_jessica
D:4:      layout_gridville, nrook_mini_backslash

Skill      XL: |  1  2  3  4  5 |
---------------+----------------+-----
Axes           | 2 |  2.0
Armour         | 3 |  3.5
Shields        | 3 |  3.2
Maces & Flails | 1 |  1.6
Spellcasting   | 1 2 |  2.2
Dodging        | 1 |  1.3
Fighting       | |  3.4
Stealth        | |  0.4

Action                   |  1- 3 |  4- 6 || total
-------------------------+-------+-------++-------
Melee: War axe           |    21 |       ||    21
       Whip              |    48 |    80 ||   128
       Kick              |    16 |    22 ||    38
  Use: Scroll            |       |     1 ||     1
       Potion            |       |     2 ||     2
Armor: Scale mail        |    29 |    28 ||    57
Dodge: Dodged            |    22 |    36 ||    58
Block: Buckler           |    18 |    21 ||    39
